 Dungeon Crawl Stone Soup version 0.28-a0-1613-gdaab1c2f9b (webtiles) character file.

Game seed: 17574841310408606577

3165 a3don the Cleaver (level 10, -4/82 HPs)
             Began as a Formicid Fighter on Jan 22, 2022.
             Slain by a two-headed ogre (11 damage)
             ... on level 8 of the Dungeon.
             The game lasted 00:12:55 (7975 turns).

a3don the Cleaver (Formicid Fighter)                Turns: 7975, Time: 00:12:55

Health: -4/82      AC: 13    Str: 25    XL:     10   Next: 15%
Magic:  0/11       EV:  6    Int:  8    God:
Gold:   351        SH:  5    Dex: 10    Spells: 5/11 levels left

rFire   . . .      SeeInvis +   u - +2 battleaxe
rCold   . . .      Faith    .   c - +0 buckler
rNeg    . . .      Spirit   +   A - +0 plate armour
rPois   .          Reflect  .   (helmet unavailable)
rElec   .          Harm     .   (no cloak)
rCorr   .          Rampage  .   (no gloves)
Will    +....                   j - +0 pair of boots
Stlth   ..........              w - amulet of guardian spirit
HPRegen 0.23/turn               (no ring)
MPRegen 0.12/turn               (no ring)

@: mighty, studying Air Magic
A: permanent stasis, dig shafts and tunnels, antennae 3, four strong arms
a: Dig, Shaft Self


You were on level 8 of the Dungeon.
You visited 1 branch of the dungeon, and saw 8 of its levels.

You collected 474 gold pieces.
You spent 123 gold pieces at shops.

Inventory:

Hand Weapons
 a - a +0 long sword
 h - a +3 dagger of freezing
 t - a +0 hunting sling
 u - a +2 battleaxe (weapon)
 y - a +0 shortbow
 C - a +0 hunting sling
Missiles
 e - 9 boomerangs
 q - 2 datura-tipped darts
 B - 72 arrows
Armour
 c - a +0 buckler (worn)
 j - a +0 pair of boots (worn)
 A - a +0 plate armour (worn)
Jewellery
 s - a ring of fire
 w - an amulet of guardian spirit (around neck)
Wands
 m - a wand of digging (8)
 J - a wand of charming (6)
Scrolls
 f - 2 scrolls of fog {unknown}
 k - 6 scrolls of identify
 l - 2 scrolls of summoning {unknown}
 o - 2 scrolls of blinking {unknown}
 p - a scroll of vulnerability {unknown}
 x - a scroll of amnesia {unknown}
 z - a scroll of enchant armour {unknown}
 F - a scroll of immolation {unknown}
 H - a scroll of holy word {unknown}
Potions
 b - 2 potions of mutation {unknown}
 g - a potion of flight {unknown}
 i - 4 potions of curing {unknown}
 n - 2 potions of cancellation {unknown}
 r - a potion of heal wounds {unknown}
 v - a potion of brilliance {unknown}
 D - 2 potions of attraction {unknown}
 E - a potion of magic {unknown}
 G - a potion of degeneration {unknown}
 I - a potion of haste {unknown}


   Skills:
 + Level 8.7 Fighting
 - Level 3.4 Long Blades
 * Level 9.4 Axes
 - Level 4.8 Armour
 - Level 5.1 Shields
 - Level 1.2 Spellcasting
 + Level 2.7 Translocations


You had 5 spell levels left.
You knew the following spells:

 Your Spells              Type           Power      Damage    Failure   Level
a - Lesser Beckoning      Tloc           4%         N/A       100%        3
b - Teleport Other        Tloc           4%         N/A       100%        3

Your spell library contained the following spells:

 Spells                   Type           Power      Damage    Failure   Level
 Dazzling Flash           Conj/Hex       0%         N/A       100%        3
 Gell's Gravitas          Tloc           4%         N/A       100%        3
 Agony                    Necr           0%         N/A       100%        5
 Silence                  Hex/Air        0%         N/A       100%        5


Dungeon Overview and Level Annotations

Branches:
Dungeon (8/15)             Temple (0/1) D:7
   Lair: D:8-11

Altars:
Elyvilon
Ru
Wu Jian

Shops:
D:5 *

Annotations:
D:6 3 runed translucent doors, comborobin's ghost, amateur OpCA


Innate Abilities, Weirdness & Mutations

You cannot be hasted, slowed, berserked, paralysed or teleported.
You can dig through walls and to a lower floor.
You have a pair of large antennae on your head. (SInv)
Your four strong arms can wield two-handed weapons with a shield.


Message History

You now have 351 gold pieces (gained 12).
J - a wand of charming (6) No target in view!
You open the door.
A two-headed ogre comes into view.
It is wielding a +0 dire flail and a +0 giant club.
The two-headed ogre shouts in stereo!
There is an open door here.
A two-headed ogre is nearby!
You barely miss the two-headed ogre.
The two-headed ogre hits you with a +0 dire flail!
The two-headed ogre hits you with a +0 giant club.
You slash the two-headed ogre!
The two-headed ogre is lightly wounded.
The two-headed ogre hits you but does no damage.
The two-headed ogre hits you with a +0 giant club!
You slash the two-headed ogre!
The two-headed ogre is moderately wounded.
The two-headed ogre hits you with a +0 dire flail!
You block the two-headed ogre's attack.
You barely miss the two-headed ogre.
The two-headed ogre is moderately wounded.
You block the two-headed ogre's attack. The two-headed ogre barely misses you.
You hit the two-headed ogre but do no damage.
The two-headed ogre is moderately wounded.
The two-headed ogre hits you with a +0 dire flail!
The two-headed ogre barely misses you.
You barely miss the two-headed ogre.
The two-headed ogre is moderately wounded.
The two-headed ogre hits you with a +0 dire flail!
* * * LOW HITPOINT WARNING * * *
The two-headed ogre hits you but does no damage.
You feel very mighty all of a sudden. You block the two-headed ogre's attack.
The two-headed ogre hits you with a +0 giant club!!
* * * LOW HITPOINT WARNING * * *
You hit the two-headed ogre.
The two-headed ogre is moderately wounded.
The two-headed ogre barely misses you.
The two-headed ogre hits you with a +0 giant club!
You die...

.........#.. ........+..
#.##....##.
####+####+####.##....##.
........#....(..........
........#...............
#......#...............
##....O.#............##.
.......@#............##.
........'............#..
##...####...##.......#..
#.. ######.......##. ...
#........### ..
#.........# .
#.........# #.........#


You could see a two-headed ogre.

Vanquished Creatures
  Prince Ribbit (D:6)
  Sigmund (D:6)
  A steam dragon (D:7)
  Duvessa (D:7)
  A water moccasin (D:6)
  2 ice beasts
  A sky beast (D:6)
  A black bear (D:4)
  2 ogres
  2 necrophages
  3 centaurs
  Blork the orc (D:6)
  A scorpion (D:5)
  6 bullfrogs
  Dowan (D:7)
  A water moccasin skeleton (D:4)
  A howler monkey (D:5)
  3 centaur zombies
  A bullfrog zombie (D:5)
  An orc priest (D:4)
  5 hounds
  A gnoll shaman (D:7)
  3 iguanas
  2 jellies (D:6)
  2 bullfrog skeletons
  Natasha (thrice) (D:3)
  5 orc wizards
  A hound skeleton (D:4)
  4 gnolls (D:6)
  4 adders
  A shadow imp (D:6)
  A white imp (D:7)
  2 ufetubi (D:5)
  A dart slug (D:5)
  14 orcs
  5 bats
  4 endoplasms
  2 giant cockroaches
  9 goblins
  6 hobgoblins
  3 quokkas
  5 ball pythons
  A frilled lizard (D:1)
  2 kobolds
  5 rats
123 creatures vanquished.

Notes
Turn   | Place    | Note
-------+----------+-------------------------------------------
     0 | D:1      | a3don the Formicid Fighter began the quest for the Orb.
     0 | D:1      | Reached XP level 1. HP: 18/18 MP: 1/1
   209 | D:1      | Found a faded altar of an unknown god.
   337 | D:1      | Reached XP level 2. HP: 20/24 MP: 2/2
   724 | D:1      | Reached XP level 3. HP: 29/29 MP: 3/3
  1530 | D:2      | You fall into a shaft and drop 1 floor!
  1597 | D:3      | Reached XP level 4. HP: 34/37 MP: 4/4
  1644 | D:3      | Noticed Natasha
  1650 | D:3      | Killed Natasha
  1881 | D:3      | Noticed Natasha
  1896 | D:3      | Killed Natasha
  1897 | D:3      | Reached XP level 5. HP: 16/42 MP: 5/5
  2833 | D:3      | Noticed Natasha
  2838 | D:3      | Killed Natasha
  3232 | D:4      | Found a white marble altar of Elyvilon.
  3277 | D:4      | Noticed a black bear
  3289 | D:4      | Killed a black bear
  3290 | D:4      | Reached skill level 5 in Shields
  3290 | D:4      | Reached XP level 6. HP: 20/49 MP: 5/7
  3634 | D:4      | Reached skill level 1 in Spellcasting
  3637 | D:4      | Reached skill level 1 in Translocations
  3650 | D:4      | Reached XP level 7. HP: 14/55 MP: 8/8
  3944 | D:4      | Reached skill level 1 in Axes
  4089 | D:4      | Found a sacrificial altar of Ru.
  4130 | D:4      | Reached skill level 5 in Fighting
  4130 | D:4      | Reached skill level 2 in Axes
  4592 | D:5      | Entered Level 5 of the Dungeon
  4828 | D:5      | Reached skill level 3 in Axes
  4882 | D:5      | Reached skill level 4 in Axes
  4882 | D:5      | Reached XP level 8. HP: 53/64 MP: 9/9
  5038 | D:5      | Found Veriff's General Store.
  5049 | D:5      | Bought a scroll of identify for 26 gold pieces
  5049 | D:5      | Bought a scroll of enchant weapon for 97 gold pieces
  5345 | D:6      | Reached skill level 5 in Axes
  5389 | D:6      | Noticed Blork the orc
  5391 | D:6      | Noticed Sigmund
  5398 | D:6      | Killed Blork the orc
  5402 | D:6      | Killed Sigmund
  5437 | D:6      | Reached skill level 6 in Axes
  5629 | D:6      | Reached XP level 9. HP: 71/71 MP: 10/10
  5651 | D:6      | Noticed comborobin's ghost (amateur OpCA)
  5651 | D:6      | Noticed a kobold demonologist
  5652 | D:6      | Found a runed translucent gate.
  5652 | D:6      | Found a runed translucent gate.
  5652 | D:6      | Found a runed translucent gate.
  5910 | D:6      | Reached skill level 7 in Axes
  6263 | D:6      | Noticed Prince Ribbit
  6285 | D:6      | Killed Prince Ribbit
  6525 | D:6      | Reached skill level 8 in Axes
  6945 | D:7      | Learned a level 3 spell: Lesser Beckoning
  6949 | D:7      | Learned a level 3 spell: Teleport Other
  7026 | D:7      | Noticed Duvessa
  7041 | D:7      | Killed Duvessa
  7047 | D:7      | Noticed Dowan
  7049 | D:7      | Killed Dowan
  7076 | D:7      | Reached skill level 9 in Axes
  7076 | D:7      | Reached XP level 10. HP: 25/82 MP: 5/11
  7487 | D:7      | Found an ornate altar of the Wu Jian Council.
  7605 | D:7      | Found a staircase to the Ecumenical Temple.
  7965 | D:8      | Noticed a two-headed ogre
  7975 | D:8      | Slain by a two-headed ogre

Illustrated notes

Levels and vault maps discovered:
D:1:      psy_arrival_fountain, layout_loops_ring,
          hellmonk_ecumenical_altar_leap_of_faith, serial_glass,
          glass_columns_b, glass_columns_a, glass_columns_c, glass_columns_a,
          bh_walls_and_bars
D:2:      layout_basic, guppyfry_early_orc_mine
D:3:      layout_loops_ring, minmay_misc_feat_ornament, hangedman_decor_growths,
          uniq_natasha
D:4:      layout_basic, mainiacjoe_overflow_alcove_2,
          nicolae_ru_sacrificial_ziggurat
D:5:      layout_basic, serial_shops, shop_fountains, hex_large
D:6:      layout_loops_ring, gammafunk_ghost_nasty_kobolds, serial_bayou_pond_d,
          uniq_blork_the_orc, uniq_sigmund, uniq_prince_ribbit1
D:7:      layout_loops_ring, nzn_wu_jian_contemplation,
          minmay_temple_entry_trees, minmay_manual_moon, uniq_duvessa
D:8:      layout_gridville, uniq_grum

Skill      XL: |  1  2  3  4  5  6  7  8  9 |
---------------+----------------------------+-----
Shields        | 4 5 |  5.1
Armour         | 4 |  4.8
Fighting       | 4 5 6 8 |  8.7
Long Blades    | 3 |  3.4
Spellcasting   | 1 |  1.2
Translocations | 1 2 |  2.7
Axes           | 4 6 9 |  9.4

Action                   |  1- 3 |  4- 6 |  7- 9 | 10-12 || total
-------------------------+-------+-------+-------+-------++-------
Melee: Long sword        |   134 |    76 |       |       ||   210
       Battleaxe         |       |    18 |   237 |    38 ||   293
  Use: Scroll            |       |       |     2 |       ||     2
       Potion            |       |       |       |     1 ||     1
Armor: Scale mail        |    45 |       |       |       ||    45
       Chain mail        |    34 |    61 |    45 |       ||   140
       Plate armour      |       |       |   123 |    33 ||   156
Dodge: Dodged            |    60 |    32 |    94 |    16 ||   202
Block: Buckler           |    38 |    27 |    71 |    11 ||   147

Table legend: (Time is in decaauts)
 A = Elapsed time spent in this place.
 B = Non-inter-level travel time spent in this place.
 C = Inter-level travel time spent in this place.
 D = Time resting spent in this place.
 E = Time spent auto-exploring this place.
 F = Levels seen in this place.
 G = Mean time per level.
                   A        B        C        D        E       F      G
               +--------+--------+--------+--------+--------+-----+--------+
         Total |   8168 |   8039 |    129 |   2060 |   4636 |   8 | 1021.0 |
       Dungeon |   8168 |   8039 |    129 |   2060 |   4636 |   8 | 1021.0 |
               +--------+--------+--------+--------+--------+-----+--------+

Top non-repeatable levels by time:
     D:6: 1638 daAuts
     D:3: 1596 daAuts
     D:4: 1518 daAuts
     D:1: 1011 daAuts
     D:5: 765 daAuts
     D:7: 758 daAuts
     D:2: 557 daAuts
     D:8: 322 daAuts
